 Dungeon Crawl Stone Soup version 0.17.1-3-g152610e (webtiles) character file.

2325 sveltemanboy the Spear-Bearer (level 9, -2/103 HPs)
             Began as a Hill Orc Gladiator on Apr 28, 2016.
             Was a Believer of the Shining One.
             Hit by a tomahawk thrown by an orc warrior (9 damage)
             ... on level 7 of the Dungeon.
             The game lasted 00:14:22 (5266 turns).

sveltemanboy the Spear-Bearer (Hill Orc Gladiator)  Turns: 5266, Time: 00:14:23

Health: -2/103     AC: 24    Str: 21    XL:     9   Next: 42%
Magic:  14/14      EV:  2    Int:  8    God:    the Shining One [**....]
Gold:   368        SH:  0    Dex: 11    Spells: 0 memorised, 8 levels left

rFire  . . .     SeeInvis .     w - +0 halberd
rCold  . . .     Clarity  .     (armour currently unavailable)
rNeg   + + +     SustAt   .     (shield currently unavailable)
rPois  +         Gourm    .     (helmet currently unavailable)
rElec  .         Spirit   .     (cloak currently unavailable)
rCorr  .         Warding  .     (gloves currently unavailable)
rMut   .         NoTele   +     (boots currently unavailable)
MR     .....                    (no amulet)
Stlth  +.........               (no ring)
                                y - ring of positive energy

@: tree-form, glowing, not resistant to hostile enchantments, very unstealthy
A: no striking features
a: Divine Shield, Renounce Religion


You were on level 7 of the Dungeon.
You worshipped the Shining One.
The Shining One was pleased with you.
You were hungry.
You were a tree.
You visited 1 branch of the dungeon, and saw 7 of its levels.

You collected 368 gold pieces.

Inventory:

Hand Weapons
 a - a +0 trident
 w - a +0 halberd (weapon)
Missiles
 d - 2 throwing nets (quivered)
Armour
 h - a +2 hat (melded)
 r - a cursed +0 cloak (melded)
 D - the +6 chain mail of Winter (melded) {MP+9 Str-3 Dex-5 SInv}
   (You found it on level 6 of the Dungeon)

   It affects your strength (-3).
   It affects your dexterity (-5).
   It affects your magic capacity (+9).
   It lets you see invisible.
Jewellery
 y - a ring of positive energy (left branch)
Wands
 g - a wand of slowing (18)
Scrolls
 c - 2 scrolls of enchant armour {unknown}
 k - 8 scrolls of identify {unknown}
 o - 6 scrolls of remove curse {unknown}
 p - a scroll of amnesia {unknown}
 s - 2 scrolls of fog {unknown}
 t - 4 scrolls of teleportation {unknown}
 u - a scroll of magic mapping {unknown}
 x - 2 scrolls of random uselessness {unknown}
 C - 2 scrolls of enchant weapon {unknown}
Potions
 b - a potion of curing
 j - 2 potions of flight
 m - a potion of agility {unknown}
 q - a potion of cure mutation {unknown}
 v - 2 potions of resistance {unknown}
 z - a potion of berserk rage {unknown}
Comestibles
 e - 8 bread rations
 f - 2 meat rations
 n - 2 slices of pizza
 E - 3 beef jerkies


   Skills:
 - Level 3.0 Fighting
 * Level 10.3 Polearms
 - Level 1.7 Throwing
 + Level 6.7 Armour
 - Level 2.4 Dodging
 + Level 6.8 Invocations


You had 8 spell levels left.
You didn't know any spells.

Dungeon Overview and Level Annotations

Branches:
Dungeon (7/15)             Temple (0/1) D:5

Altars:
Gozag
Kikubaaqudgha
Okawaru
Vehumet
Xom
The Shining One

Shops:
D:4 *

Annotations:
D:6 Prince Ribbit


Message History

Drink which item? (? for menu, Esc to quit)
Okay, then.
Unknown command.
You puncture the ogre!
The ogre is almost dead.
The orc warrior throws a tomahawk.
The tomahawk hits you!
* * * LOW HITPOINT WARNING * * *
You hit the ogre.
The ogre is almost dead.
The ogre barely misses you.
The orc warrior throws a tomahawk.
The tomahawk barely misses you.
The tomahawk hits the ogre.
The ogre dies!
Drink which item? (? for menu, Esc to quit)
You turn into a tree.
Your cursed +0 cloak melds into your body.
Your +2 hat melds into your body.
The +6 chain mail of Winter {MP+9 Str-3 Dex-5 SInv} melds into your body.
Your roots penetrate the ground.
The orc warrior throws a tomahawk.
The tomahawk hits you!
You die...

#....# ##...#
#...###########
#...#.........#
####...#.#######.#
#........# #O#
###.#..###### #o#
#..>......# #)#
###########.# #♣#
..........#.# #(#
.#######..#.# #.# .#
#..#.# #.# [# #.##.#
#.# .# #.##.# #.#
.#######.##.# #.#
.##..)...##.####.###
.##.#######.#......#


You could see an orc warrior and an ogre.

Vanquished Creatures
  The ghost of sveltemanboy the Cleaver, a novice HOGl of Beogh (D:7)
  A hippogriff (D:7)
  A phantom (D:4)
  2 orc warriors (D:6)
  A centaur (D:6)
  An ice beast (D:6)
  An ogre (D:5)
  A giant frog (D:6)
  A water moccasin zombie (D:5)
  A centaur zombie (D:7)
  A crimson imp (D:5)
  3 hounds
  3 orc priests
  3 giant frog skeletons
  A gnoll shaman (D:5)
  4 orc wizards
  2 iguanas
  A worker ant (D:7)
  A killer bee zombie (D:6)
  A hound skeleton (D:6)
  14 gnolls
  4 adders
  An ooze (D:2)
  An adder skeleton (D:7)
  3 worms
  2 giant geckos
  24 orcs
  4 ball pythons
  10 bats
  5 giant cockroaches
  4 goblins
  9 hobgoblins
  12 jackals
  6 quokkas
  2 giant newts (D:1)
  9 kobolds
  6 rats
147 creatures vanquished.

Vanquished Creatures (others)
  An ogre (D:7)
  A human (D:7)
2 creatures vanquished.

Grand Total: 149 creatures vanquished

Notes
Turn   | Place    | Note
--------------------------------------------------------------
     0 | D:1      | sveltemanboy the Hill Orc Gladiator began the quest for the Orb.
     0 | D:1      | Reached XP level 1. HP: 18/18 MP: 1/1
   183 | D:1      | Reached XP level 2. HP: 18/25 MP: 2/2
   474 | D:1      | Reached skill level 4 in Polearms
   481 | D:1      | Reached skill level 1 in Armour
   635 | D:1      | Found a glowing golden altar of the Shining One.
   793 | D:1      | Became a worshipper of the Shining One
   998 | D:2      | Found a glowing golden altar of the Shining One.
  1003 | D:2      | Reached XP level 3. HP: 30/30 MP: 3/3
  1138 | D:2      | Found a radiant altar of Vehumet.
  1144 | D:2      | Found a shimmering altar of Xom.
  1147 | D:2      | Found an iron altar of Okawaru.
  1646 | D:2      | Reached XP level 4. HP: 23/38 MP: 4/4
  2300 | D:3      | Reached skill level 5 in Polearms
  2507 | D:4      | Reached * piety under the Shining One
  2516 | D:4      | Reached XP level 5. HP: 42/45 MP: 5/5
  2680 | D:4      | Noticed a phantom
  2689 | D:4      | Killed a phantom
  2689 | D:4      | Reached skill level 6 in Polearms
  2689 | D:4      | Reached XP level 6. HP: 47/51 MP: 6/6
  2711 | D:4      | Found an opulent altar of Gozag.
  2742 | D:4      | Found Gozag's Platinum Reserve.
  2942 | D:5      | Entered Level 5 of the Dungeon
  3012 | D:5      | Reached skill level 1 in Invocations
  3054 | D:5      | Reached XP level 7. HP: 7/57 MP: 8/8
  3070 | D:5      | Reached skill level 7 in Polearms
  3569 | D:5      | Found a staircase to the Ecumenical Temple.
  3775 | D:6      | Reached skill level 8 in Polearms
  3775 | D:6      | Reached XP level 8. HP: 55/63 MP: 10/10
  3786 | D:6      | Got a smoking chain mail
  3797 | D:6      | Identified the +6 chain mail of Winter {MP+9 Str-3 Dex-5 SInv} (You found it on level 6 of the Dungeon)
  4029 | D:6      | Reached skill level 5 in Armour
  4168 | D:6      | Reached ** piety under the Shining One
  4213 | D:6      | Reached skill level 5 in Invocations
  4352 | D:6      | Noticed Prince Ribbit
  4428 | D:7      | Reached skill level 9 in Polearms
  4700 | D:7      | Found an ancient bone altar of Kikubaaqudgha.
  4900 | D:7      | Noticed sveltemanboy's ghost (novice HOGl)
  4948 | D:7      | Killed sveltemanboy's ghost
  4948 | D:7      | Reached skill level 10 in Polearms
  4948 | D:7      | Reached XP level 9. HP: 40/69 MP: 12/14
  5266 | D:7      | Hit by a tomahawk thrown by an orc warrior

Action                   |  1- 3 |  4- 6 |  7- 9 || total
-------------------------+-------+-------+-------++-------
Melee: Trident           |   143 |   189 |    20 ||   352
       Halberd           |       |       |   270 ||   270
Throw: Throwing net      |     1 |       |       ||     1
Evoke: Wand              |       |       |     3 ||     3
  Use: Potion            |       |       |     9 ||     9
  Eat: Chunk             |     2 |     5 |     7 ||    14
